 Dungeon Crawl Stone Soup version 0.22-a0-392-g5dc3fd9 (webtiles) character file.

86 Falco the Grave Robber (level 4, -3/30 HPs)
             Began as a Vampire Necromancer on May 1, 2018.
             Killed from afar by Ijyb (17 damage)
             ... with a wand of acid (8)
             ... on level 3 of the Dungeon.
             The game lasted 00:13:51 (2494 turns).

Falco the Grave Robber (Vampire Necromancer)        Turns: 2494, Time: 00:13:52

Health: -3/30      AC:  0    Str:  7    XL:     4   Next: 27%
Magic:  2/8        EV: 16    Int: 18    God:
Gold:   99         SH:  3    Dex: 14    Spells: 4/9 levels left

rFire    . . .     SeeInvis +   (no weapon)
rCold    + + .     Gourm    .   (no shield)
rNeg     + + .     Faith    .   a - +0 robe
rPois    +         Spirit   .   g - +2 hat
rElec    .         Reflect  +   (no cloak)
rCorr    .         Harm     .   (no gloves)
MR       .....                  (no boots)
Stlth    +++.......             h - +3 amulet of reflection
HPRegen  0.05/turn              f - +4 ring of evasion
MPRegen  0.11/turn              b - ring of protection from cold

@: corroded, regenerating slowly
A: fangs 3, see invisible, unbreathing
a: Bat Form


You were on level 3 of the Dungeon.
You were very thirsty.

You visited 1 branch of the dungeon, and saw 3 of its levels.

You collected 99 gold pieces.

Inventory:

Missiles
 j - 3 curare-tipped needles
Armour
 a - a +0 robe (worn)
 g - a +2 hat (worn)
Jewellery
 b - a ring of protection from cold (right hand)
 d - an uncursed ring of ice {unknown}
 f - a +4 ring of evasion (left hand)
 h - a +3 amulet of reflection (around neck)
Scrolls
 m - a scroll of enchant armour {unknown}
Potions
 c - 16 potions of blood
 e - a potion of curing
 l - a potion of heal wounds {unknown}


   Skills:
 + Level 2.2 Dodging
 + Level 3.2 Stealth
 + Level 3.2 Spellcasting
 + Level 5.4 Necromancy


You had 4 spell levels left.
You knew the following spells:

 Your Spells              Type           Power        Failure   Level  Hunger
a - Pain                  Necr           ###.         1%          1    None
b - Animate Skeleton      Necr           N/A          1%          1    None
c - Vampiric Draining     Necr           ###.......   4%          3    ###....


Dungeon Overview and Level Annotations

Branches:
Dungeon (3/15)

Altars:
Okawaru

Annotations:
D:3 Ijyb


Innate Abilities, Weirdness & Mutations

You heal slowly.
You have razor-sharp teeth.
You have supernaturally acute eyesight. (SInv)
You can survive without breathing.


Message History

Confirm with . or Enter, or press ? or * to list all spells.
Aiming: Pain (safe; 1% risk of failure)
Press: ? - help, Shift-Dir - straight line, f/p - Ijyb
Aim: Ijyb, wielding a dagger, wearing a leather armour and carrying a wand of acid (11) (heavily wounded, chance to defeat MR: 87%) Ijyb barely resists.
Ijyb zaps a wand.
The bolt of acid misses you.
Ijyb zaps a wand.
The bolt of acid hits you!
Ouch! That really hurt!
The acid corrodes you!
You are splashed with acid!
The acid burns!
* * * LOW HITPOINT WARNING * * *
As you read the scroll of fog, it crumbles to dust.
The scroll dissolves into smoke.
Ijyb zaps a wand.
The bolt of acid misses you.
As you read the scroll labeled ISMICAPHINOO, it crumbles to dust.
You feel blessed for a moment.
It was a scroll of remove curse.
You feel better. Ijyb hits you with a dagger.
Yummy - fresh blood!
You are feeling very thirsty.
Ijyb zaps a wand.
The bolt of acid hits you!
Ouch! That really hurt!
You die...

########
#.§§§§§#
##8.
##g###§#
##.. #@#
#§# .#>.
#.# #§#
.## #.#
#§# ..#
#.#
#§#####.##
#.#
#....>...#
#.#
#####.###
#.# #.#
#.# #.#
#.# #.#


You could see Ijyb.

Vanquished Creatures
  4 adders
  An ooze (D:1)
  A worm (D:2)
  2 dart slugs (D:2)
  A leopard gecko (D:2)
  A giant cockroach (D:3)
  6 goblins
  5 hobgoblins
  A kobold (D:2)
  A ball python (D:1)
  4 bats
  7 frilled lizards
  9 rats
43 creatures vanquished.

Notes
Turn   | Place    | Note
-------+----------+-------------------------------------------
     0 | D:1      | Falco the Vampire Necromancer began the quest for the Orb.
     0 | D:1      | Reached XP level 1. HP: 13/13 MP: 3/3
   257 | D:1      | Reached XP level 2. HP: 19/19 MP: 3/5
   268 | D:1      | Learned a level 1 spell: Animate Skeleton
   501 | D:1      | Reached skill level 5 in Necromancy
   843 | D:2      | Reached XP level 3. HP: 22/24 MP: 2/6
   885 | D:2      | Learned a level 3 spell: Vampiric Draining
  2070 | D:3      | Found an iron altar of Okawaru.
  2124 | D:3      | Noticed Ijyb
  2242 | D:3      | Reached XP level 4. HP: 30/30 MP: 6/8
  2494 | D:3      | Killed from afar by Ijyb

Vault maps used:
D:1:      minmay_arrival_diagonal_passages
D:3:      nicolae_overflow_hidden_temple,
          chequers_ecumenical_altar_simple_redux, uniq_ijyb

Skill      XL: |  1  2  3  4 |
---------------+-------------+-----
Necromancy     | 5 |  5.4
Spellcasting   | 3 |  3.2
Dodging        | |  2.2
Stealth        | |  3.2

Action                   |  1- 3 |  4- 6 || total
-------------------------+-------+-------++-------
Melee: Unarmed           |     3 |       ||     3
 Cast: Pain              |    70 |    12 ||    82
       Vampiric Draining |     4 |     1 ||     5
  Use: Scroll            |     7 |     2 ||     9
       Potion            |       |     2 ||     2
Armor: Robe              |     4 |     1 ||     5
Dodge: Dodged            |    21 |     5 ||    26
Block: Other             |     3 |       ||     3

Table legend:
 A = Spawn XP
 B = Non-spawn XP
 C = Spawn XP percentage of total XP
 D = Spawn monster count
 E = Non-spawn monster count
 F = Spawn count percentage of total count
 G = Total turns spent on level
                    A         B        C        D         E        F      G
               +---------+---------+-------+---------+---------+-------+---------
         Total |       0 |     124 |   0.0 |       0 |      43 |   0.0 |  2494
               +---------+---------+-------+---------+---------+-------+---------
           D:1 |       0 |      28 |   0.0 |       0 |      16 |   0.0 |   713
           D:2 |       0 |      61 |   0.0 |       0 |      19 |   0.0 |  1161
           D:3 |       0 |      35 |   0.0 |       0 |       8 |   0.0 |   620
               +---------+---------+-------+---------+---------+-------+---------
